 Dungeon Crawl Stone Soup version 0.29-a0-666-g26d293caef (webtiles) character file.

Game seed: 3754937419836072395

198 CannotBeFrozen the Slasher (level 5, -2/41 HPs)
             Began as a Demigod Warper on June 23, 2022.
             Slain by Grinder (7 damage)
             ... on level 4 of the Dungeon.
             The game lasted 00:09:26 (3198 turns).

CannotBeFrozen the Slasher (Demigod Warper)         Turns: 3198, Time: 00:09:27

Health: -2/41      AC: 10    Str: 12    XL:     5   Next: 23%
Magic:  10/10      EV:  9    Int: 15    God:
Gold:   192        SH:  0    Dex: 17    Spells: 6/8 levels left

rFire   . . .      SeeInvis .   a - +0 falchion
rCold   + . .      Faith    .   (no shield)
rNeg    . . .      Spirit   .   p - +2 scale mail {rC+}
rPois   .          Reflect  .   s - +0 helmet
rElec   .          Harm     .   (no cloak)
rCorr   .          Rampage  .   n - +0 pair of gloves
Will    .....                   (no boots)
Stlth   ..........              (no amulet)
HPRegen 0.13/turn               e - +4 ring of slaying
MPRegen 0.12/turn               (no ring)

@: no status effects
A: high MP 1, forlorn, divine attributes
a: no special abilities


You were on level 4 of the Dungeon.
You visited 1 branch of the dungeon, and saw 4 of its levels.

You collected 192 gold pieces.

Inventory:

Hand Weapons
 a - a +0 falchion (weapon)
 k - a +0 lajatang
Missiles
 d - 7 boomerangs of dispersal {=f =F}
 h - 39 stones (quivered)
Armour
 n - a +0 pair of gloves (worn)
 p - a +2 scale mail of cold resistance (worn)
 s - a +0 helmet (worn)
Jewellery
 b - the ring "Efimuubb" {Contam Fly rN+++ Int-5 Stlth+}
   (You found it on level 3 of the Dungeon)

   [ring of flight]

   Int:       It affects your intelligence (-5).
   rN:        It renders you almost immune to negative energy.
   Fly:       It grants you flight.
   Contam:    It causes magical contamination when unequipped.
   Stlth:     It makes you more stealthy.
 e - a +4 ring of slaying (left hand)
Scrolls
 c - a scroll of blinking
 f - 3 scrolls of immolation {unknown}
 i - a scroll of vulnerability {unknown}
 o - 2 scrolls of enchant armour {unknown}
 q - 4 scrolls of identify {unknown}
 r - 2 scrolls of teleportation {unknown}
 v - a scroll of enchant weapon {unknown}
Potions
 g - a potion of ambrosia {unknown}
 j - 3 potions of heal wounds {unknown}
 l - a potion of flight {unknown}
 m - a potion of curing {unknown}
 t - a potion of magic {unknown}
 u - a potion of mutation {unknown}


   Skills:
 - Level 1.7 Fighting
 + Level 5.0 Long Blades
 - Level 0.8 Throwing
 - Level 0.8 Armour
 - Level 1.7 Dodging
 - Level 2.0 Spellcasting
 - Level 3.0 Translocations


You had 6 spell levels left.
You knew the following spells:

 Your Spells              Type           Power      Damage    Failure   Level
z - Blink                 Tloc           20%        N/A       45%         2

Your spell library contained the following spells:

 Spells                   Type           Power      Damage    Failure   Level
 Gell's Gravitas          Tloc           10%        N/A       71%         3
 Lesser Beckoning         Tloc           10%        N/A       71%         3
 Teleport Other           Tloc           10%        N/A       71%         3
 Beastly Appendage        Tmut           2%         N/A       75%         1
 Sublimation of Blood     Necr           1%         N/A       87%         2
 Wereblood                Tmut           1%         N/A       87%         2
 Inner Flame              Hex/Fire       1%         N/A       98%         3
 Spider Form              Tmut/Pois      1%         N/A       98%         3
 Cause Fear               Hex            0%         N/A       100%        4
 Petrify                  Tmut/Erth      1%         N/A       100%        4
 Irradiate                Conj/Tmut      0%         3d13      100%        5
 Manifold Assault         Tloc           10%        N/A       100%        5
 Dispersal                Tloc           5%         N/A       100%        6
 Discord                  Hex            0%         N/A       100%        8


Dungeon Overview and Level Annotations

Branches:
Dungeon (4/15)
 Temple: D:4-7

Annotations:
D:4 Grinder


Innate Abilities, Weirdness & Mutations

You have an increased reservoir of magic. (+10% MP)
You shall have no god before yourself.
Your divine heritage dramatically boosts your attributes as you level up.


Message History

Grinder completely misses you.
You can move again.
You slash Grinder!
Grinder is heavily wounded.
Grinder hits you but does no damage.
You hit Grinder.
Grinder is heavily wounded.
Grinder gestures at you.
You shrug off the repeated paralysis!
You completely miss Grinder.
Grinder is heavily wounded.
Grinder hits you.
You writhe in agony.
HP: 24/41 (-6) =======----- !
You closely miss Grinder.
Grinder is heavily wounded.
Grinder hits you.
HP: 22/41 (-2) ======------ You closely miss Grinder.
Grinder is heavily wounded.
Grinder blinks!
Grinder gestures at you. Pain shoots through your body!
* * * LOW HITPOINT WARNING * * *
HP: 8/41 (-14) ==---------- !!!
Grinder blinks!
You hit Grinder.
Grinder is severely wounded.
Grinder closely misses you.
You hit Grinder.
Grinder is severely wounded.
Grinder hits you.
* * * LOW HITPOINT WARNING * * *
HP: 5/41 (-3) =----------- You slash Grinder!
Grinder is almost dead.
Grinder hits you but does no damage.
You barely miss Grinder.
Grinder is almost dead.
Grinder hits you!
You die...

#########.######### #.#
..................# #.#
<.#######.#######.# #.#
..># #.# #.# #.#
..#######.# #)# #.#
..........# #.# #.#
....####### #.# #.#
###K# #####.# #.# #.#
#....@# #.#
#ยง#########.###5####.#
#...........# #......#
###########.###..#####
#......# ##.....#
###..##.# #....##.#
#.#.###.#


You could see Grinder.

Vanquished Creatures
  A hound (D:4)
  Robin (D:3)
  4 gnolls (D:2)
  2 adders
  11 orcs
  8 endoplasms
  5 giant cockroaches
  13 goblins
  7 hobgoblins
  7 jackals
  6 quokkas
  4 ball pythons
  5 bats
  6 frilled lizards
  A kobold (D:2)
  4 rats
85 creatures vanquished.

Notes
Turn   | Place    | Note
-------+----------+-------------------------------------------
     0 | D:1      | CannotBeFrozen the Demigod Warper began the quest for the
                  | Orb.
     0 | D:1      | Reached XP level 1. HP: 17/17 MP: 5/5
    79 | D:1      | Reached skill level 2 in Long Blades
   360 | D:1      | Reached XP level 2. HP: 22/24 MP: 7/7
   366 | D:1      | Learned a level 2 spell: Blink
   973 | D:1      | Reached skill level 3 in Long Blades
  1302 | D:2      | Reached XP level 3. HP: 26/29 MP: 8/8
  1519 | D:2      | Reached skill level 4 in Long Blades
  1605 | D:2      | Reached XP level 4. HP: 36/36 MP: 9/9
  1978 | D:3      | Noticed Robin
  2266 | D:3      | Killed Robin
  2403 | D:3      | Identified the ring "Efimuubb" {Contam Fly rN+++ Int-5
                  | Stlth+}
  2727 | D:4      | Reached XP level 5. HP: 40/41 MP: 10/10
  2900 | D:4      | Reached skill level 5 in Long Blades
  3059 | D:4      | Noticed Grinder
  3059 | D:4      | Paralysed by Grinder for 4 turns
  3183 | D:4      | Paralysed by Grinder for 3 turns
  3198 | D:4      | Slain by Grinder

Illustrated notes

Levels and vault maps discovered:
D:1:      onia_arrival_mini_spirals, layout_loops_ring
D:2:      layout_loops_ring, ebering_ecumenical_altar_box, minmay_between
D:3:      layout_rooms, uniq_robin
D:4:      layout_loops_ring, uniq_grinder, uniq_menkaure, uniq_natasha

Skill      XL: |  1  2  3  4  5 |
---------------+----------------+-----
Long Blades    | 2 3 4 5 |  5.0
Spellcasting   | 2 |  2.0
Translocations | 3 |  3.0
Fighting       | |  1.7
Throwing       | |  0.8
Armour         | |  0.8
Dodging        | |  1.7

Action                   |  1- 3 |  4- 6 || total
-------------------------+-------+-------++-------
Melee: Falchion          |    90 |   132 ||   222
       Punch             |       |     1 ||     1
 Stab: Sleeping          |       |     2 ||     2
Armor: Leather armour    |    29 |     7 ||    36
       Scale mail        |       |    42 ||    42
Dodge: Dodged            |    73 |    79 ||   152

Table legend: (Time is in decaauts)
 A = Elapsed time spent in this place.
 B = Non-inter-level travel time spent in this place.
 C = Inter-level travel time spent in this place.
 D = Time resting spent in this place.
 E = Time spent auto-exploring this place.
 F = Levels seen in this place.
 G = Mean time per level.
                   A        B        C        D        E       F      G
               +--------+--------+--------+--------+--------+-----+--------+
         Total |   3223 |   3057 |    166 |    534 |   1745 |   4 |  805.8 |
       Dungeon |   3223 |   3057 |    166 |    534 |   1745 |   4 |  805.8 |
               +--------+--------+--------+--------+--------+-----+--------+

Top non-repeatable levels by time:
     D:2: 1074 daAuts
     D:1: 1026 daAuts
     D:3: 656 daAuts
     D:4: 465 daAuts
